 Dungeon Crawl Stone Soup version 0.24-a0-458-gfcb5e6da0e (webtiles) character file.

Game seed: 14873574337030512789

7245 Mrkan the Cleaver (level 10, -4/96 HPs)
             Began as a Deep Dwarf Fighter on June 26, 2019.
             Was a Priest of Elyvilon.
             Slain by a skeletal warrior
             ... wielding a +0 trident
             ... led by a skeletal warrior
              (14 damage)
             ... on level 9 of the Dungeon.
             The game lasted 00:22:38 (7720 turns).

Mrkan the Cleaver (Deep Dwarf Fighter)              Turns: 7720, Time: 00:22:38

Health: -4/96      AC: 10    Str: 20    XL:     10   Next: 88%
Magic:  11/11      EV:  6    Int: 12    God:    Elyvilon [***...]
Gold:   563        SH: 12    Dex: 12    Spells: 9/9 levels left

rFire    + . .     SeeInvis +   q - +3 war axe (flame)
rCold    + . .     Gourm    .   c - +1 shield
rNeg     . . .     Faith    .   g - +0 chain mail
rPois    .         Spirit   .   u - +1 hat
rElec    .         Reflect  .   o - scarf {rC+ rF+}
rCorr    .         Harm     .   (no gloves)
MR       ++...                  (no boots)
Stlth    ..........             K - amulet of rage
HPRegen  0.00/turn              b - +3 ring of slaying
MPRegen  0.12/turn              r - ring of protection from magic

@: berserk cooldown, non-regenerating, slowed, very slow
A: damage resistance, heal wounds, see invisible, sense surroundings 2, no
regeneration
a: Heal Wounds, Lesser Healing, Heal Other, Purification, Divine Protection,
Renounce Religion, Evoke Berserk Rage


You were on level 9 of the Dungeon.
You worshipped Elyvilon.
Elyvilon was most pleased with you.
You were hungry.

You visited 2 branches of the dungeon, and saw 10 of its levels.
You also visited: Ossuary.

You collected 563 gold pieces.

Inventory:

Hand Weapons
 q - a +3 war axe of flaming (weapon)
 M - a +3 hunting sling of freezing
Missiles
 a - 64 sling bullets
 e - 343 stones (quivered)
Armour
 c - a +1 shield (worn)
 g - a +0 chain mail (worn)
 o - a scarf of resistance (worn)
 u - a +1 hat (worn)
Jewellery
 b - a +3 ring of slaying (left hand)
 r - a ring of protection from magic (right hand)
 t - an uncursed ring of resist corrosion {unknown}
 v - an uncursed ring of flight
 H - a cursed -3 ring of intelligence {unknown}
 J - an uncursed ring of positive energy
 K - an amulet of rage (around neck)
 L - an uncursed amulet of the gourmand
 N - a cursed ring of teleportation {unknown}
Scrolls
 j - a scroll of enchant armour
 n - 4 scrolls of remove curse
 p - a scroll of blinking
 s - 4 scrolls of teleportation
 y - 2 scrolls of random uselessness
 C - a scroll of immolation {unknown}
 F - a scroll of silence {unknown}
 G - a scroll of noise {unknown}
Potions
 d - 2 potions of might
 h - 4 potions of mutation
 k - 2 potions of degeneration {unknown}
 l - 5 potions of flight
 m - 4 potions of brilliance
 w - 4 potions of curing
 z - 2 potions of ambrosia {unknown}
 A - a potion of lignification {unknown}
 D - 2 potions of heal wounds
 E - a potion of haste {unknown}
 I - a potion of agility {unknown}
Comestibles
 f - 20 rations


   Skills:
 + Level 7.7 Fighting
 * Level 12.0 Axes
 - Level 3.2 Armour
 + Level 9.2 Shields
 + Level 8.0 Invocations


You had 9 spell levels left.
You didn't know any spells.
Your spell library contained the following spells:

 Spells                   Type           Power        Failure   Level  Hunger
 Infusion                 Chrm           #...         100%        1    ##.....
 Sandblast                Erth           #.....       100%        1    ##.....
 Passwall                 Tmut/Erth      #.......     100%        2    ###....
 Shroud of Golubria       Chrm/Tloc      #.....       100%        2    ###....
 Song of Slaying          Chrm           #.......     100%        2    ###....
 Spectral Weapon          Hex/Chrm       #.......     100%        3    ####...
 Stone Arrow              Conj/Erth      #.....       100%        3    ####...
 Petrify                  Tmut/Erth      #.......     100%        4    #####..
 Lee's Rapid Deconstruct  Erth           #.........   100%        5    ######.
 Regeneration             Chrm/Necr      Unusable     N/A         3    N/A

Dungeon Overview and Level Annotations

Branches:
Dungeon (9/15)             Temple (1/1) D:5            Lair (0/6) D:9
    Orc: D:9-12

Altars:
Ashenzari
Elyvilon
Fedhas
Gozag
Hepliaklqana
Kikubaaqudgha
Makhleb
Nemelex Xobeh
Okawaru
Qazlal
Ru
Sif Muna
Vehumet
Wu Jian
Zin
The Shining One

Shops:
D:6 (


Innate Abilities, Weirdness & Mutations

You are resistant to damage.
You can heal yourself by infusing magical energy.
You passively map the area around you.
You do not regenerate.
You have supernaturally acute eyesight. (SInv)


Message History

The skeletal warrior hits you from afar with a +0 trident.
The skeletal warrior hits you with a +0 battleaxe!
You feel much better.
You block the skeletal warrior's attack.
The skeletal warrior hits you with a +0 battleaxe!
You block the skeletal warrior's attack.
You closely miss the skeletal warrior.
The skeletal warrior is almost destroyed.
The skeletal warrior hits you with a +0 battleaxe!!
You block the skeletal warrior's attack.
You closely miss the skeletal warrior.
The skeletal warrior is almost destroyed.
The skeletal warrior hits you with a +0 battleaxe!!
* * * LOW HITPOINT WARNING * * *
You block the skeletal warrior's attack.
You hit the skeletal warrior but do no damage.
The skeletal warrior is almost destroyed.
The skeletal warrior barely misses you.
The skeletal warrior hits you from afar with a +0 trident!
You die...

........#####..#
#.. * ,
.#####..# #..#
#.. * , * #..#
#..# #.. * #..#
#..# #.. * ,*
#..# #..# #.. *,
* #..#####..#
#.. #z........#
#.. *
#z.####...# #..
#@.# #...# #.. *
#..# #...# #(<
*, #..# #...#
#.^ , #..# #...#
#(. #..# #...#
#(. * #..# #...#
#(. * , #..#
#...# #.. , #..#
#...# #.. , #..#
#...# #..


You could see 2 skeletal warriors.

Vanquished Creatures
  2 skeletal warriors (D:9)
  A hippogriff (D:7)
  A wyvern (D:9)
  8 yaks
  A spriggan (D:7)
  A basilisk (D:9)
  2 porcupines (D:9)
  3 orc warriors
  A black bear (D:7)
  2 ice beasts
  2 phantoms
  3 sky beasts
  2 ogres
  A necrophage (D:9)
  6 centaurs
  2 crocodiles (D:9)
  A big kobold (D:8)
  3 bullfrogs
  A water moccasin zombie (Ossuary)
  A scorpion (D:8)
  3 wights (D:7)
  A howler monkey (D:4)
  4 crimson imps
  4 bullfrog zombies (Ossuary)
  2 jellies
  3 hounds
  7 orc priests
  A centaur skeleton (D:8)
  6 orc wizards
  2 bullfrog skeletons
  3 iguanas
  4 worker ants
  A killer bee zombie (Ossuary)
  4 hound zombies (Ossuary)
  12 mummies (Ossuary)
  A howler monkey zombie (Ossuary)
  4 worker ant zombies
  16 gnolls
  5 adders
  A shadow imp (D:8)
  An ooze (D:7)
  2 adder zombies (Ossuary)
  2 worms
  5 dart slugs
  A leopard gecko (D:8)
  32 orcs
  A ball python (D:2)
  4 giant cockroaches
  5 hobgoblins
  15 jackals
  7 kobolds
  3 quokkas
  10 bats
  6 frilled lizards
  2 giant cockroach zombies (Ossuary)
  3 goblins
  A jackal zombie (Ossuary)
  A leopard gecko skeleton (D:4)
  A leopard gecko zombie (Ossuary)
  A quokka skeleton (D:6)
  2 quokka zombies (Ossuary)
  5 rats
  A fungus (D:9)
  A plant (D:2)
240 creatures vanquished.

Vanquished Creatures (others)
  A fungus (D:9)
  3 plants (D:9)
4 creatures vanquished.

Grand Total: 244 creatures vanquished

Notes
Turn   | Place    | Note
-------+----------+-------------------------------------------
     0 | D:1      | Mrkan the Deep Dwarf Fighter began the quest for the Orb.
     0 | D:1      | Reached XP level 1. HP: 20/20 MP: 1/1
    96 | D:1      | Reached XP level 2. HP: 21/27 MP: 2/2
   312 | D:1      | Reached skill level 3 in Axes
   682 | D:2      | Reached XP level 3. HP: 27/34 MP: 3/3
   905 | D:2      | Found a blossoming altar of Fedhas.
   954 | D:2      | Reached XP level 4. HP: 32/42 MP: 4/4
  1326 | D:3      | Reached skill level 4 in Axes
  1354 | D:3      | Found an ornate altar of the Wu Jian Council.
  1608 | D:3      | Reached XP level 5. HP: 49/49 MP: 5/5
  2411 | D:3      | Gained mutation: You evolve. [potion of mutation]
  2411 | D:3      | Gained mutation: You have supernaturally acute eyesight.
                  | (SInv) [potion of mutation]
  2463 | D:4      | Reached skill level 5 in Axes
  2533 | D:4      | Reached XP level 6. HP: 54/57 MP: 6/6
  2584 | D:4      | Found a deep blue altar of Sif Muna.
  2587 | D:4      | Found an iron altar of Okawaru.
  2735 | D:4      | Found a hazy altar of Hepliaklqana.
  2759 | D:4      | Noticed an ice beast
  2958 | D:4      | Killed an ice beast
  2958 | D:4      | Reached skill level 6 in Axes
  2958 | D:4      | Reached skill level 5 in Shields
  2972 | D:4      | Found a sand-covered staircase.
  2981 | Ossuary  | Entered an ossuary
  2995 | Ossuary  | Reached XP level 7. HP: 44/64 MP: 7/7
  3108 | Ossuary  | Reached skill level 7 in Axes
  3244 | Ossuary  | Reached skill level 5 in Fighting
  3244 | Ossuary  | Reached XP level 8. HP: 66/74 MP: 7/7
  3466 | D:5      | Entered Level 5 of the Dungeon
  3524 | D:5      | Found a staircase to the Ecumenical Temple.
  3535 | Temple   | Entered the Ecumenical Temple
  3562 | Temple   | Became a worshipper of Elyvilon the Healer
  3666 | D:5      | Reached skill level 1 in Invocations
  3798 | D:5      | Reached skill level 8 in Axes
  4190 | D:5      | Reached * piety under Elyvilon
  4645 | D:6      | Found Liur's Antique Weapon Boutique.
  4776 | D:6      | Reached skill level 9 in Axes
  4854 | D:6      | Lost mutation: You evolve. [evolution]
  4986 | D:6      | Gained mutation: You passively map the area around you.
                  | [Deep Dwarf growth]
  4986 | D:6      | Reached XP level 9. HP: 72/82 MP: 9/9
  5514 | D:7      | Reached ** piety under Elyvilon
  5932 | D:8      | Reached skill level 10 in Axes
  5932 | D:8      | Reached skill level 5 in Invocations
  6531 | D:8      | Found a sparkling altar of Nemelex Xobeh.
  6828 | D:9      | Reached *** piety under Elyvilon
  6890 | D:8      | Reached XP level 10. HP: 38/92 MP: 12/12
  6920 | D:9      | Reached skill level 11 in Axes
  6934 | D:9      | Found a staircase to the Lair.
  7071 | D:9      | Noticed a skeletal warrior
  7093 | D:9      | Killed a skeletal warrior
  7102 | D:9      | Noticed a skeletal warrior
  7102 | D:9      | Noticed a skeletal warrior
  7102 | D:9      | Noticed a skeletal warrior
  7111 | D:9      | Killed a skeletal warrior
  7536 | D:9      | Reached skill level 12 in Axes
  7720 | D:9      | Slain by a skeletal warrior

Levels and vault maps discovered:
D:1:      lemuel_arrival_broad_hall, layout_basic,
          hangedman_decor_clover_reticule
D:2:      cheibrodos_old_hovel, layout_basic, minivault_11,
          columned_hall_lemuel, fedhas_altar_2
D:3:      layout_basic, marbit_many_paths
D:4:      layout_rooms, chequers_temple_overflow_statue_of_worship,
          overflow_temple_1_default, nicolae_ossuary_entry_monument,
          first_ration
D:5:      layout_basic, minmay_temple_entry_grid
D:6:      layout_loops_cross, serial_shops, nicolae_shop_crystal,
          supply_closet_lemuel
D:7:      layout_loops_ring, the_bakery
D:8:      layout_loops_corners, basic_altar, abandoned_shop
D:9:      layout_long_grid, minmay_lair_entry_grove
Temple:   compressed_dpeg_circular_temple

Skill      XL: |  1  2  3  4  5  6  7  8  9 10 |
---------------+-------------------------------+-----
Axes           | 3 4 5 6 7 9 10 12 | 12.0
Fighting       | 3 4 5 6 7 |  7.7
Shields        | 4 5 6 7 8 9 |  9.2
Invocations    | 3 6 8 |  8.0
Armour         | |  3.2

Action                   |  1- 3 |  4- 6 |  7- 9 | 10-12 || total
-------------------------+-------+-------+-------+-------++-------
Melee: War axe           |   126 |   100 |   127 |   154 ||   507
       Hand axe          |       |    66 |   300 |       ||   366
Invok: Lesser Healing    |       |       |     3 |    10 ||    13
 Abil: Heal Wounds       |       |     2 |     9 |    17 ||    28
       Evoke Berserk Rag |       |       |       |     1 ||     1
  Use: Scroll            |       |     4 |    13 |     5 ||    22
       Potion            |       |     1 |       |     2 ||     3
  Eat: Chunk             |       |     7 |    10 |     5 ||    22
       Ration            |       |       |     1 |       ||     1
Armor: Scale mail        |     7 |       |       |       ||     7
       Chain mail        |    55 |    62 |   117 |    34 ||   268
Dodge: Dodged            |    32 |    37 |    53 |    34 ||   156
Block: Shield            |    50 |    98 |   182 |   110 ||   440

Table legend:
 A = Non-vault XP
 B = Vault XP
 C = Vault XP percentage of total XP
 D = Non-vault monster count
 E = Vault monster count
 F = Vault count percentage of total count
                 A         B        C        D         E       F
            +---------+---------+-------+---------+---------+-------
      Total |    7558 |    2793 |  27.0 |     190 |      48 |  20.2
            +---------+---------+-------+---------+---------+-------
        D:1 |      36 |       0 |   0.0 |      22 |       0 |   0.0
        D:2 |      76 |       1 |   1.3 |      16 |       1 |   5.9
        D:3 |     144 |       2 |   1.4 |      25 |       1 |   3.8
        D:4 |     441 |       0 |   0.0 |      18 |       0 |   0.0
        D:5 |     564 |       0 |   0.0 |      18 |       0 |   0.0
        D:6 |     826 |       0 |   0.0 |      17 |       0 |   0.0
        D:7 |     908 |     196 |  17.8 |      13 |       1 |   7.1
        D:8 |    1125 |     209 |  15.7 |      23 |       1 |   4.2
        D:9 |    3438 |    1550 |  31.1 |      38 |      10 |  20.8
    Ossuary |       0 |     835 | 100.0 |       0 |      34 | 100.0
            +---------+---------+-------+---------+---------+-------
